 Dungeon Crawl Stone Soup version 0.28.0-53-g5a82cb258f (webtiles) character file.

Game seed: 6543495124833630881

42 YASD the Cutter (level 3, -3/23 HPs)
             Began as a Kobold Berserker on June 14, 2022.
             Was a Believer of Trog.
             Killed by divine providence
             ... invoked by an orc priest
              (12 damage)
             ... on level 3 of the Dungeon.
             The game lasted 00:06:24 (2124 turns).

YASD the Cutter (Kobold Berserker)                  Turns: 2124, Time: 00:06:25

Health: -3/23      AC:  2    Str: 14    XL:     3   Next: 77%
Magic:  3/3        EV: 15    Int:  8    God:    Trog [**....]
Gold:   18         SH:  0    Dex: 16    Spells: 2/2 levels left

rFire   . . .      SeeInvis .   n - +0 short sword (vamp)
rCold   . . .      Faith    .   (no shield)
rNeg    . . .      Spirit   .   b - +0 animal skin
rPois   .          Reflect  .   (no helmet)
rElec   .          Harm     .   (no cloak)
rCorr   .          Rampage  .   (no gloves)
Will    .....                   (no boots)
Stlth   +++.......              (no amulet)
HPRegen 0.07/turn               (no ring)
MPRegen 0.08/turn               (no ring)

@: no status effects
A: small, no large weapons, nightstalker 3
a: Renounce Religion, Berserk, Trog's Hand


You were on level 3 of the Dungeon.
You worshipped Trog.
Trog was pleased with you.
You visited 1 branch of the dungeon, and saw 3 of its levels.

You collected 48 gold pieces.
You spent 30 gold pieces at shops.

Inventory:

Hand Weapons
 a - a +0 short sword
 n - a +0 vampiric short sword (weapon)
Missiles
 j - 10 stones (quivered)
Armour
 b - a +0 animal skin (worn)
Jewellery
 m - the ring of Gewnovvo {rElec Str+3 Int-4 Dex+6 SInv}
   (You found it on level 2 of the Dungeon)

   [ring of dexterity]

   Str:       It affects your strength (+3).
   Int:       It affects your intelligence (-4).
   Dex:       It affects your dexterity (+6).
   rElec:     It insulates you from electricity.
   SInv:      It lets you see invisible.
Scrolls
 c - a scroll of enchant armour {unknown}
 f - a scroll of brand weapon {unknown}
 g - a scroll of teleportation
 h - a scroll of immolation {unknown}
 i - a scroll of enchant weapon {unknown}
 k - a scroll of noise
Potions
 e - 2 potions of curing
 l - a potion of might


   Skills:
 - Level 3.2 Fighting
 * Level 5.7 Short Blades
 - Level 1.5 Armour
 - Level 2.4 Dodging
 + Level 1.2 Stealth


You had 2 spell levels left.
You didn't know any spells.
Your spell library was empty.

Dungeon Overview and Level Annotations

Branches:
Dungeon (3/15)

Altars:
Ashenzari
Beogh

Shops:
D:2 !

Annotations:
D:2 1 runed translucent door, Crazy Yiuf


Innate Abilities, Weirdness & Mutations

You are small and have problems with some larger weapons.
You are completely attuned to the shadows.


Message History

g - a scroll of teleportation A rat comes into view.
The rat bites you but does no damage.
You hit the rat but do no damage. The rat misses you.
You barely miss the rat. The rat barely misses you.
You hit the rat.
You kill the rat!
Trog accepts your kill.
You see here a +0 leather armour.
Could not explore, unopened runed door.
(D) Dungeon
Where to? (Enter - D:2, ? - help)
There is a stone staircase leading down here.
You climb downwards.
There is a stone staircase leading up here.
You open the door.
An orc priest and an orc wizard come into view.
Found 23 gold pieces.
An orc wizard and an orc come into view.
Found 28 gold pieces.
There is an open door here.
An orc priest comes into view. It is wielding a +0 flail.
Found 19 gold pieces.
Found a roughly hewn altar of Beogh.
The orc wizard shouts! x2; The orc shouts!
There is an open door here.
The orc priest looks braver for a moment.
You barely miss the orc wizard.
The orc priest looks satisfied for a moment.
The orc wizard gestures at you while chanting.
The puff of flame hits you!
You barely miss the orc wizard.
The orc wizard hits you with a +0 dagger.
There is an open door here.
The orc priest looks encouraged for a moment.
The orc wizard hits you with a +0 dagger.
You barely miss the orc wizard.
The orc priest invokes the aid of Beogh against you.
Beogh smites you!
Ouch! That really hurt!
You die...

##$o$##
#$8$8.#
#$.$.$# .
#$8o8o#.#.
#...##...
##o##..##
#o@<....
.......###
.......+
#......#
........


You could see 2 orc priests and an orc wizard.

Vanquished Creatures
  A worm (D:2)
  8 endoplasms
  2 giant cockroaches
  3 goblins (D:1)
  4 hobgoblins
  4 kobolds
  A quokka (D:1)
  4 ball pythons
  A bat (D:2)
  2 frilled lizards
  5 rats
35 creatures vanquished.

Notes
Turn   | Place    | Note
-------+----------+-------------------------------------------
     0 | D:1      | YASD the Kobold Berserker began the quest for the Orb.
     0 | D:1      | Reached XP level 1. HP: 14/14 MP: 1/1
    98 | D:1      | Reached XP level 2. HP: 16/19 MP: 2/2
   373 | D:1      | Reached skill level 5 in Short Blades
   824 | D:1      | Reached XP level 3. HP: 23/23 MP: 3/3
  1000 | D:1      | Reached ** piety under Trog
  1124 | D:2      | Found a faded altar of an unknown god.
  1315 | D:2      | Reached skill level 1 in Stealth
  1388 | D:2      | Identified the ring of Gewnovvo {rElec Str+3 Int-4 Dex+6
                  | SInv}
  1437 | D:2      | Found a broken altar of Ashenzari.
  1455 | D:2      | Found a runed translucent door.
  1458 | D:2      | Noticed Crazy Yiuf
  1679 | D:2      | Found Veut's Distillery.
  1684 | D:2      | Bought a potion of curing for 30 gold pieces
  2124 | D:3      | Killed from afar by an orc priest

Illustrated notes

Levels and vault maps discovered:
D:1:      saegor_arrival_simple_b, layout_rooms, minmay_circled_x
D:2:      layout_loops_ring, chequers_ecumenical_altar_simple_redux,
          serial_shops, shop, basic_altar, uniq_crazy_yiuf_cottage
D:3:      layout_basic, serial_glass, glass_columns_a, glass_columns_a,
          kennysheep_orc_chapel

Skill      XL: |  1  2  3 |
---------------+----------+-----
Short Blades   | 5 |  5.7
Stealth        | 1 |  1.2
Fighting       | |  3.2
Armour         | |  1.5
Dodging        | |  2.4

Action                   || total
-------------------------++-------
Melee: Short sword       ||    92
Throw: Stone             ||     1
  Use: Scroll            ||     3
 Stab: Sleeping          ||    12
Armor: Animal skin       ||     9
Dodge: Dodged            ||    37
